AoeStats
← Aragorn

Arena

510244302Analyzed
1v1 RM · 2d ago on Sep 30, 2026· 35m 58s· 2 players
Game mode
Random Map
Map size
Tiny (2 player)
Population
200
Speed
Normal
Resources
Standard
Victory
Conquest
Starting age
Dark Age
Ending age
Imperial Age
RankedLock teamsTeams togetherTeam positionsShared explorationLock speedFull tech treeHidden civsTurbo modeCheats
Victory
Defeat
🇨🇴 Byzantines · Colombia
859
+16
🇺🇸 Burgundians · United States
866
-40
Aragorn
11:36 Feudal Age
12:05 Double-Bit Axe
17:06 Castle Age
15:39 Stone Mining
16:31 Forging
16:21 Scale Mail Armor
16:14 Horse Collar
17:36 Wheelbarrow
17:23 Pikeman
19:41 Husbandry
27:10 Iron Casting
26:40 Scale Barding Armor
28:29 Hand Cart
29:15 Hand Cart
32:09 Imperial Age
30:04 Chain Barding Armor
30:28 Murder Holes
31:27 Heavy Plow
31:19 Gold Mining
32:05 Stone Shaft Mining
32:46 Heavy Camel Rider
35:56 Conscription
Reformed Dolphin
2:00 Wheelbarrow
15:16 Feudal Age
14:46 Gold Mining
25:22 Castle Age
25:13 Scale Barding Armor
25:34 Cavalier
27:22 Double-Bit Axe
33:16 Gold Shaft Mining
34:35 Scale Mail Armor
34:48 Forging
34:42 Scale Mail Armor
Connection lost

Rejoining the realm…

Still unreachable

The connection could not be restored.

Session expired

The server has moved on; the page needs a fresh start.